 Dungeon Crawl Stone Soup version 0.19.0-11-g3fc08b3 (webtiles) character file.

57 Jerry the Sneak (level 4, 0/23 HPs)
             Began as a Vine Stalker Assassin on Nov 8, 2016.
             Slain by a goblin
             ... wielding a +0 club
             ... led by Robin
              (4 damage)
             ... on level 3 of the Dungeon.
             The game lasted 00:04:52 (2057 turns).

Jerry the Sneak (Vine Stalker Assassin)             Turns: 2057, Time: 00:04:54

Health: 0/23       AC:  3    Str: 15    XL:     4   Next: 0%
Magic:  0/5        EV: 11    Int: 11    God:
Gold:   50         SH:  0    Dex: 15    Spells: 0 memorised, 3 levels left

rFire  . . .     SeeInvis .     a - +2 dagger
rCold  . . .     Gourm    .     c - +0 robe
rNeg   . . .     Faith    .     (no shield)
rPois  .         Spirit   +     (no helmet)
rElec  .         Reflect  .     d - +0 cloak
rCorr  .         Harm     .     (no gloves)
MR     .....                    (no boots)
Stlth  +++.......               (no amulet)
                                (no ring)
                                (no ring)

@: slowed, very slow
A: fangs 2, regeneration 1, magic shield, antimagic bite, no device heal 3, rot
immunity
a: no special abilities


You were on level 3 of the Dungeon.
You were hungry.

You visited 1 branch of the dungeon, and saw 3 of its levels.

You collected 50 gold pieces.

Inventory:

Hand Weapons
 a - a +2 dagger (weapon)
 b - a +0 blowgun
Missiles
 e - 8 poisoned needles
 f - 2 curare-tipped needles
Armour
 c - a +0 robe (worn)
 d - a +0 cloak (worn)
Scrolls
 h - a scroll of teleportation {unknown}
 j - 2 scrolls of remove curse {unknown}
 k - 4 scrolls of identify {unknown}
 p - a scroll of fear {unknown}
Potions
 i - a potion of curing {unknown}
 l - a potion of cure mutation {unknown}
 m - 2 potions of ambrosia {unknown}
 q - a potion of haste {unknown}
Books
 n - a book of Misfortune

   Spells                             Type                      Level
   a - Confusing Touch                Hexes                        1
   b - Confuse                        Hexes                        3
   c - Gell's Gravitas                Hexes/Translocation          3
   d - Petrify                        Transmutation/Earth          4
   e - Metabolic Englaciation         Hexes/Ice                    5
   f - Yara's Violent Unravelling     Hexes/Transmutation          5
Comestibles
 g - a bread ration
 o - a slice of pizza


   Skills:
 - Level 1.7 Fighting
 + Level 2.6 Short Blades
 + Level 2.5 Throwing
 + Level 1.3 Armour
 - Level 0.7 Dodging
 - Level 4.8 Stealth


You had 3 spell levels left.
You didn't know any spells.

Dungeon Overview and Level Annotations

Branches:
Dungeon (3/15)

Altars:
Okawaru

Annotations:
D:3 Robin


Innate Abilities, Weirdness & Mutations

You have extremely sharp teeth.
Your natural rate of healing is unusually fast.
When hurt, damage is shared between your health and your magic reserves.
Your bite disrupts and absorbs the magic of your enemies.
Potions and wands cannot restore your health.
You are immune to rotting.


Message History

Robin is heavily wounded.
The goblin misses you. The hobgoblin completely misses you.
The goblin misses you. The goblin barely misses you.
Robin zaps a wand.
You resist with some effort. The hobgoblin misses you.
You hit Robin. You bite Robin, but do no damage.
Robin is severely wounded.
The goblin hits you with a club! The goblin hits you with a club.
The goblin hits you.
* * * LOW HITPOINT WARNING * * *
Robin closely misses you. The hobgoblin hits you.
* * * LOW HITPOINT WARNING * * *
The goblin hits you but does no damage.
You barely miss Robin.
Robin is severely wounded.
The goblin no longer looks unusually strong.
The goblin barely misses you. x2
Robin roars a battlecry!
The goblin goes into a battle-frenzy!
The hobgoblin completely misses you. The goblin hits you with a club.
You die...

.(..................######
#####.##...#.).).#......#
......##..##.._..##..##.######
########...#.).).#...........#
##...........###.####.#
##...###........# #.####
#....#....###### #....#
#.....ggg.##### ####.#
######.@g.....# #.#
#....g######.########.#
#.###.................#
#.#...........(########
#.#.....######## #.#####.##
#........# ##########


You could see Robin, a hobgoblin and 3 goblins.

Vanquished Creatures
  An adder (D:3)
  2 oozes
  A dart slug (D:1)
  2 leopard geckos
  A ball python (D:3)
  3 giant cockroaches
  6 hobgoblins
  4 bats
  4 frilled lizards
  4 goblins
  3 kobolds
  5 rats
36 creatures vanquished.

Notes
Turn   | Place    | Note
-------+----------+-------------------------------------------
     0 | D:1      | Jerry the Vine Stalker Assassin began the quest for the Orb.
     0 | D:1      | Reached XP level 1. HP: 11/11 MP: 2/2
    68 | D:1      | Reached XP level 2. HP: 9/15 MP: 3/3
   811 | D:2      | Noticed Robin
   815 | D:2      | Reached XP level 3. HP: 11/18 MP: 4/4
   827 | D:3      | Reached skill level 1 in Armour
   828 | D:3      | Found an iron altar of Okawaru.
  2041 | D:3      | Gained mutation: Your natural rate of healing is unusually fast. [Vine Stalker growth]
  2041 | D:3      | Reached XP level 4. HP: 20/23 MP: 5/5
  2057 | D:3      | Slain by a goblin

Skill      XL: |  1  2  3 |
---------------+----------+-----
Throwing       | 2 |  2.5
Short Blades   | 2 |  2.6
Armour         | 1 |  1.3
Fighting       | |  1.7
Dodging        | |  0.7
Stealth        | |  4.8

Action                   |  1- 3 |  4- 6 || total
-------------------------+-------+-------++-------
Melee: Dagger            |    95 |     7 ||   102
       Bite              |    16 |     2 ||    18
 Stab: Sleeping          |     6 |       ||     6
  Eat: Chunk             |     3 |       ||     3
Armor: Robe              |    10 |     4 ||    14
Dodge: Dodged            |    52 |    24 ||    76
